 Dungeon Crawl Stone Soup version 0.19.0-11-g3fc08b3 (webtiles) character file.

298 LORDOFBUTT the Chopper (level 6, -3/56 HPs)
             Began as a Minotaur Berserker on Nov 10, 2016.
             Was a Priest of Trog.
             Killed from afar by an orc wizard (9 damage)
             ... with a puff of flame
             ... on level 4 of the Dungeon.
             The game lasted 00:03:24 (2539 turns).

LORDOFBUTT the Chopper (Minotaur Berserker)         Turns: 2539, Time: 00:03:25

Health: -3/56      AC:  3    Str: 22    XL:     6   Next: 13%
Magic:  5/5        EV: 13    Int:  4    God:    Trog [***...]
Gold:   95         SH:  0    Dex: 11    Spells: 0 memorised, 5 levels left

rFire  . . .     SeeInvis .     a - +0 hand axe
rCold  . . .     Gourm    .     b - +0 animal skin
rNeg   . . .     Faith    .     (no shield)
rPois  .         Spirit   .     (helmet restricted)
rElec  .         Reflect  .     (no cloak)
rCorr  .         Harm     .     (no gloves)
MR     .....                    u - +0 pair of boots
Stlth  +.........               (no amulet)
                                (no ring)
                                (no ring)

@: lethally poisoned (-3 -> -4)
A: retaliatory headbutt, horns 2
a: Berserk, Trog's Hand, Burn Spellbooks, Renounce Religion


You were on level 4 of the Dungeon.
You worshipped Trog.
Trog was most pleased with you.
You were near starving.

You visited 1 branch of the dungeon, and saw 4 of its levels.

You collected 95 gold pieces.

Inventory:

Hand Weapons
 a - a +0 hand axe (weapon)
Armour
 b - a +0 animal skin (worn)
 u - a +0 pair of boots (worn)
Scrolls
 d - 5 scrolls of identify {unknown}
 h - 2 scrolls of magic mapping {unknown}
 i - 3 scrolls of amnesia {unknown}
 k - 3 scrolls of immolation {unknown}
 l - 2 scrolls of noise {unknown}
 m - a scroll of random uselessness {unknown}
 p - a scroll of remove curse {unknown}
Potions
 e - a potion of brilliance {unknown}
 g - a potion of magic {unknown}
 j - 2 potions of degeneration {unknown}
 n - a potion of might {unknown}
 o - a potion of curing {unknown}
 r - a potion of resistance
 s - a potion of heal wounds {unknown}
 t - a potion of agility {unknown}
Comestibles
 c - 2 bread rations
 f - a meat ration
 q - a slice of pizza


   Skills:
 + Level 5.0 Fighting
 * Level 5.4 Axes
 + Level 4.0 Armour
 * Level 4.2 Dodging


You had 5 spell levels left.
You didn't know any spells.

Dungeon Overview and Level Annotations

Branches:
Dungeon (4/15)
 Temple: D:4-7

Altars:
Nemelex Xobeh


Innate Abilities, Weirdness & Mutations

You reflexively headbutt those who attack you in melee.
You have a pair of horns on your head.


Message History

* * * LOW HITPOINT WARNING * * *
The orc wizard casts a spell.
The orc wizard flickers and vanishes!
Deactivating autopickup; reactivate with Ctrl-A.
You are too injured to fight recklessly!
You are too injured to fight recklessly!
You feel sick.
You hit the orc. Your headbutt misses the orc.
The orc is heavily wounded.
The orc hits you with a mace!
* * * LOW HITPOINT WARNING * * *
You closely miss the orc.
The orc is heavily wounded.
You feel sick. The orc barely misses you.
You closely miss the orc. You headbutt the orc.
You kill the orc!
Trog accepts your kill.
A puff of flame appears from out of thin air!
The puff of flame hits you!
You die...

...##...).####.##
...+............. .
...##..........# ..
...##..........## ...
......##........# ....
...#####........###.....
....# #................
#...# #8.)...8#.##....
#...# #)))....#@# .
#...# #8))...8#)# #...#
#.......#.## #...#
#8.....8#.o#
#.......#..###
#8.....8#....#
#..(....#....#
#########....# #
#....##.####


You could see an orc.

Vanquished Creatures
  An orc priest (D:3)
  Jessica (D:2)
  Ijyb (D:4)
  Terence (D:2)
  3 gnolls (D:2)
  7 adders
  2 oozes (D:2)
  A worm (D:2)
  A dart slug (D:3)
  2 leopard geckos
  7 orcs
  A ball python (D:3)
  3 giant cockroaches (D:1)
  17 goblins
  6 hobgoblins
  6 jackals
  4 kobolds
  4 quokkas
  6 bats
  3 frilled lizards
  6 rats
83 creatures vanquished.

Notes
Turn   | Place    | Note
-------+----------+-------------------------------------------
     0 | D:1      | LORDOFBUTT the Minotaur Berserker began the quest for the Orb.
     0 | D:1      | Reached XP level 1. HP: 19/19 MP: 0/0
     2 | D:1      | Noticed a naga
     2 | D:1      | Noticed a minotaur
     4 | D:1      | Noticed a halfling
     4 | D:1      | Noticed a troll
     6 | D:1      | Noticed a spriggan
     6 | D:1      | Noticed an ogre
     8 | D:1      | Noticed an octopode
     8 | D:1      | Noticed a draconian
    11 | D:1      | Noticed a merfolk
    11 | D:1      | Noticed a ghoul
    13 | D:1      | Noticed a demonspawn
    15 | D:1      | Noticed a vampire
    17 | D:1      | Noticed a formicid
    17 | D:1      | Noticed a tengu
    19 | D:1      | Noticed a centaur
    21 | D:1      | Noticed a demigod
    21 | D:1      | Noticed a felid
    23 | D:1      | Noticed a gargoyle
    23 | D:1      | Noticed an elf
    25 | D:1      | Noticed a dwarf
    27 | D:1      | Noticed a vine stalker
    27 | D:1      | Noticed a human
    82 | D:1      | Reached XP level 2. HP: 25/27 MP: 1/1
   717 | D:1      | Found a sparkling altar of Nemelex Xobeh.
   830 | D:1      | Reached XP level 3. HP: 28/33 MP: 2/2
   862 | D:2      | Reached ** piety under Trog
  1293 | D:2      | Reached XP level 4. HP: 41/41 MP: 3/3
  1447 | D:2      | Noticed Terence
  1459 | D:2      | Killed Terence
  1719 | D:2      | Reached XP level 5. HP: 47/47 MP: 4/4
  1740 | D:2      | Noticed Jessica
  1742 | D:2      | Killed Jessica
  1742 | D:2      | Reached skill level 5 in Axes
  2322 | D:3      | Reached skill level 5 in Fighting
  2460 | D:4      | Noticed Ijyb
  2461 | D:4      | Reached *** piety under Trog
  2477 | D:4      | Killed Ijyb
  2477 | D:4      | Reached XP level 6. HP: 46/56 MP: 5/5
  2539 | D:4      | Killed from afar by an orc wizard

Skill      XL: |  1  2  3  4  5 |
---------------+----------------+-----
Axes           | 4 5 |  5.4
Fighting       | 4 5 |  5.0
Armour         | 3 4 |  4.0
Dodging        | 3 4 |  4.2

Action                   |  1- 3 |  4- 6 || total
-------------------------+-------+-------++-------
Melee: Hand axe          |    76 |    89 ||   165
       Headbutt          |     7 |    13 ||    20
Invok: Berserk           |       |     4 ||     4
  Eat: Chunk             |     1 |     1 ||     2
       Bread ration      |       |     1 ||     1
       Fruit             |       |     1 ||     1
Armor: Animal skin       |    11 |     7 ||    18
Dodge: Dodged            |    56 |    63 ||   119
